 Dungeon Crawl Stone Soup version 0.28-a0-503-g83f2989fac (webtiles) character file.

Game seed: 14319106237007938735

311 MirrMurr the Thrower (level 6, -1/51 HPs)
             Began as a Gnoll Hunter on Sept 21, 2021.
             Slain by Natasha (2 damage)
             ... on level 4 of the Dungeon.
             The game lasted 00:08:28 (5300 turns).

MirrMurr the Thrower (Gnoll Hunter)                 Turns: 5300, Time: 00:08:29

Health: -1/51      AC:  7    Str: 12    XL:     6   Next: 42%
Magic:  9/9        EV: 13    Int: 12    God:
Gold:   124        SH:  0    Dex: 12    Spells: 7/9 levels left

rFire   . . .      SeeInvis .   a - +1 short sword
rCold   . . .      Faith    .   (no shield)
rNeg    . . .      Spirit   .   b - +0 leather armour
rPois   .          Reflect  .   u - +0 helmet
rElec   .          Harm     .   k - +2 cloak
rCorr   .          Rampage  .   (no gloves)
Will    .....                   (no boots)
Stlth   ++........              (no amulet)
HPRegen 0.17/turn               m - ring of flight
MPRegen 0.11/turn               (no ring)

@: flying, slowed, very slow
A: fangs 1, strong nose, distributed training
a: no special abilities


You were on level 4 of the Dungeon.
You visited 1 branch of the dungeon, and saw 4 of its levels.

You collected 124 gold pieces.

Inventory:

Hand Weapons
 a - a +1 short sword (weapon)
Missiles
 j - 110 stones (quivered)
 s - 32 sling bullets
Armour
 b - a +0 leather armour (worn)
 k - a +2 cloak (worn)
 u - a +0 helmet (worn)
 v - a +0 cloak
Jewellery
 l - a ring of magical power
 m - a ring of flight (left hand)
Wands
 q - a wand of charming (6)
 t - a wand of paralysis (10)
Scrolls
 f - 2 scrolls of teleportation
 r - a scroll of immolation {unknown}
Potions
 e - 2 potions of brilliance
 g - 2 potions of lignification
 h - 4 potions of heal wounds
 i - a potion of magic {unknown}
 n - a potion of berserk rage {unknown}
 o - a potion of might {unknown}
 p - 2 potions of degeneration {unknown}


   Skills:
 + Level 5.0 Fighting
 + Level 2.0 Short Blades
 + Level 2.0 Long Blades
 + Level 2.0 Axes
 + Level 2.0 Maces & Flails
 + Level 2.0 Polearms
 + Level 2.0 Staves
 + Level 2.0 Slings
 + Level 2.0 Bows
 + Level 2.0 Crossbows
 + Level 8.7 Throwing
 + Level 2.0 Armour
 + Level 5.0 Dodging
 + Level 3.1 Stealth
 + Level 2.0 Shields
 + Level 2.0 Unarmed Combat
 + Level 2.0 Spellcasting
 + Level 1.5 Conjurations
 + Level 1.5 Hexes
 + Level 1.5 Summonings
 + Level 1.5 Necromancy
 + Level 1.5 Translocations
 + Level 1.5 Transmutations
 + Level 1.5 Fire Magic
 + Level 1.5 Ice Magic
 + Level 1.5 Air Magic
 + Level 1.5 Earth Magic
 + Level 1.5 Poison Magic
 + Level 2.1 Invocations
 + Level 2.0 Evocations


You had 7 spell levels left.
You knew the following spells:

 Your Spells              Type           Power      Damage    Failure   Level
B - Blink                 Tloc           N/A        N/A       28%         2

Your spell library contained the following spells:

 Spells                   Type           Power      Damage    Failure   Level
 Magic Dart               Conj           16%        1d3       19%         1
 Shock                    Conj/Air       16%        1d4       19%         1
 Searing Ray              Conj           8%         2d4       28%         2
 Lesser Beckoning         Tloc           4%         N/A       50%         3
 Swiftness                Air            4%         N/A       50%         3
 Airstrike                Air            2%         N/A       88%         4
 Fulminant Prism          Conj/Hex       2%         3d6       88%         4
 Manifold Assault         Tloc           4%         N/A       99%         5


Dungeon Overview and Level Annotations

Branches:
Dungeon (4/15)
 Temple: D:4-7

Altars:

Annotations:
D:4 Natasha, Sigmund


Innate Abilities, Weirdness & Mutations

You have very sharp teeth.
Your uncanny sense of smell can sniff out nearby items.
Your experience applies equally to all skills.


Message History

A puff of flame appears from out of thin air!
The puff of flame misses you.
The shadow imp laughs crazily.
A puff of flame appears from out of thin air!
The puff of flame misses you.
Unknown command.
Natasha howls an incantation.
You feel disoriented.
Natasha casts a spell.
Natasha mumbles some strange words.
The crimson imp blinks!
Natasha mumbles some strange words.
You feel troubled.
Sigmund appears from thin air!
Reactivating autopickup.
Natasha wildly gestures.
Natasha shimmers violently.
Sigmund casts a spell.
Sigmund flickers and vanishes!
Deactivating autopickup; reactivate with Ctrl-A.
A puff of flame appears from out of thin air!
The puff of flame hits you!
Natasha stares at you and mumbles some strange words.
You feel yourself slow down.
Natasha howls an incantation.
Natasha's front paws start to glow.
Natasha stares at you and mumbles some strange words.
You feel as though you will be slow longer.
You barely miss Natasha. Natasha claws you.
* * * LOW HITPOINT WARNING * * *
Natasha misses you.
A puff of flame appears from out of thin air!
The puff of flame hits you.
* * * LOW HITPOINT WARNING * * *
Natasha casts a spell at you. The magic dart hits you!
* * * LOW HITPOINT WARNING * * *
Natasha barely misses you.
The crimson imp blinks!
Natasha claws you.
You die...

.........................## #
................#####......##
#................##......##..###
#..............<.#..###..###....
#................#.# #...# ####>
#................#.# #.#.## ##
#..............#..##..#..### #
#..............5##..###...## .
####.(.O..#.#@#....# ###..## .
##.(...##..h#...## ##..## .
#(.....##ยง..#...### ##..# .
##(#...###..##.....# ##.#
.####..#...#.........#.# #..
..##..##...#.#......##.#########.
#.##.###...#.#.....###...........
.......#...#...###..####.........
.......#.......##......#.........


You could see Natasha and a crimson imp (summoned).

Vanquished Creatures
  An ogre (D:3)
  A necrophage (D:4)
  An orc wizard (D:3)
  2 adders
  2 adder skeletons (D:4)
  3 worms
  2 dart slugs (D:1)
  5 orcs
  6 bats
  7 endoplasms
  3 giant cockroaches
  4 goblins
  4 hobgoblins
  4 jackals (D:1)
  7 quokkas
  5 ball pythons
  4 frilled lizards
  A kobold (D:1)
  7 rats
69 creatures vanquished.

Notes
Turn   | Place    | Note
-------+----------+-------------------------------------------
     0 | D:1      | MirrMurr the Gnoll Hunter began the quest for the Orb.
     0 | D:1      | Reached XP level 1. HP: 20/20 MP: 1/1
   406 | D:1      | Reached XP level 2. HP: 26/26 MP: 2/2
   756 | D:1      | Found a faded altar of an unknown god.
   853 | D:1      | Reached XP level 3. HP: 18/31 MP: 3/3
  1692 | D:2      | Reached skill level 1 in Invocations
  1999 | D:2      | Reached skill level 1 in Short Blades
  1999 | D:2      | Reached skill level 1 in Long Blades
  1999 | D:2      | Reached skill level 1 in Axes
  1999 | D:2      | Reached skill level 1 in Maces & Flails
  1999 | D:2      | Reached skill level 1 in Polearms
  1999 | D:2      | Reached skill level 1 in Staves
  1999 | D:2      | Reached skill level 1 in Slings
  1999 | D:2      | Reached skill level 1 in Bows
  1999 | D:2      | Reached skill level 1 in Crossbows
  1999 | D:2      | Reached skill level 1 in Armour
  1999 | D:2      | Reached skill level 1 in Shields
  1999 | D:2      | Reached skill level 1 in Unarmed Combat
  1999 | D:2      | Reached skill level 1 in Spellcasting
  1999 | D:2      | Reached skill level 1 in Evocations
  2056 | D:2      | Learned a level 2 spell: Blink
  2234 | D:2      | Reached XP level 4. HP: 38/38 MP: 5/5
  2395 | D:3      | Noticed an ogre
  2401 | D:3      | Killed an ogre
  2402 | D:3      | Reached skill level 1 in Conjurations
  2402 | D:3      | Reached skill level 1 in Hexes
  2402 | D:3      | Reached skill level 1 in Summonings
  2402 | D:3      | Reached skill level 1 in Necromancy
  2402 | D:3      | Reached skill level 1 in Translocations
  2402 | D:3      | Reached skill level 1 in Transmutations
  2402 | D:3      | Reached skill level 1 in Fire Magic
  2402 | D:3      | Reached skill level 1 in Ice Magic
  2402 | D:3      | Reached skill level 1 in Air Magic
  2402 | D:3      | Reached skill level 1 in Earth Magic
  2402 | D:3      | Reached skill level 1 in Poison Magic
  2402 | D:3      | Reached XP level 5. HP: 29/43 MP: 5/7
  3279 | D:3      | HP: 2/43 [orc (7)]
  4383 | D:4      | Noticed Sigmund
  4520 | D:4      | Noticed Natasha
  4522 | D:4      | Noticed a necrophage
  4815 | D:4      | Noticed an ogre
  5098 | D:4      | Killed a necrophage
  5099 | D:4      | Reached skill level 5 in Fighting
  5099 | D:4      | Reached skill level 5 in Dodging
  5099 | D:4      | Reached XP level 6. HP: 51/51 MP: 8/8
  5297 | D:4      | HP: 1/51 [Natasha/magic dart (7)]
  5300 | D:4      | Slain by Natasha

Illustrated notes

Levels and vault maps discovered:
D:1:      psy_arrival_fountain, layout_basic, chequers_ecumenical_altar_grove
D:2:      layout_basic, minmay_heptomino_w4
D:3:      layout_basic, minmay_misc_feat_x
D:4:      layout_rooms, uniq_natasha, uniq_sigmund

Skill      XL: |  1  2  3  4  5  6 |
---------------+-------------------+-----
Invocations    | 1 2 |  2.1
Short Blades   | 1 2 |  2.0
Long Blades    | 1 2 |  2.0
Axes           | 1 2 |  2.0
Maces & Flails | 1 2 |  2.0
Polearms       | 1 2 |  2.0
Staves         | 1 2 |  2.0
Slings         | 1 2 |  2.0
Bows           | 1 2 |  2.0
Crossbows      | 1 2 |  2.0
Armour         | 1 2 |  2.0
Shields        | 1 2 |  2.0
Unarmed Combat | 1 2 |  2.0
Spellcasting   | 1 2 |  2.0
Evocations     | 1 2 |  2.0
Conjurations   | 1 |  1.5
Hexes          | 1 |  1.5
Summonings     | 1 |  1.5
Necromancy     | 1 |  1.5
Translocations | 1 |  1.5
Transmutations | 1 |  1.5
Fire Magic     | 1 |  1.5
Ice Magic      | 1 |  1.5
Air Magic      | 1 |  1.5
Earth Magic    | 1 |  1.5
Poison Magic   | 1 |  1.5
Fighting       | 5 |  5.0
Dodging        | 5 |  5.0
Stealth        | 3 |  3.1
Throwing       | |  8.7

Action                   |  1- 3 |  4- 6 || total
-------------------------+-------+-------++-------
Melee: Short sword       |   143 |   141 ||   284
       Bite              |    17 |    18 ||    35
       Punch             |       |     2 ||     2
Throw: Javelin           |       |    14 ||    14
       Throwing net      |       |     2 ||     2
       Stone             |       |     1 ||     1
  Use: Scroll            |       |     8 ||     8
 Stab: Sleeping          |     5 |     4 ||     9
Armor: Leather armour    |    35 |    35 ||    70
Dodge: Dodged            |    87 |    85 ||   172

Table legend: (Time is in decaauts)
 A = Elapsed time spent in this place.
 B = Non-inter-level travel time spent in this place.
 C = Inter-level travel time spent in this place.
 D = Time resting spent in this place.
 E = Time spent auto-exploring this place.
 F = Levels seen in this place.
 G = Mean time per level.
                   A        B        C        D        E       F      G
               +--------+--------+--------+--------+--------+-----+--------+
         Total |   5322 |   5084 |    238 |    390 |   3906 |   4 | 1330.5 |
       Dungeon |   5322 |   5084 |    238 |    390 |   3906 |   4 | 1330.5 |
               +--------+--------+--------+--------+--------+-----+--------+

Top non-repeatable levels by time:
     D:3: 2483 daAuts
     D:1: 1400 daAuts
     D:2: 968 daAuts
     D:4: 469 daAuts
